 Dungeon Crawl Stone Soup version 0.28.0 (webtiles) character file.

Game seed: 11817399638638154369

315 freelancePsychic the Magician (level 6, 0/45 HPs)
             Began as a Djinni Summoner on Feb 7, 2022.
             Killed by divine providence
             ... invoked by an orc priest
              (13 damage)
             ... on level 4 of the Dungeon.
             The game lasted 00:08:52 (5306 turns).

freelancePsychic the Magician (Djinni Summoner)     Turns: 5306, Time: 00:08:52

Health: 0/45       AC:  2    Str: 13    XL:     6   Next: 72%
Gold:   362        EV: 13    Int: 18    God:
                   SH:  0    Dex: 14

rFire   + + .      SeeInvis .   o - +0 spear (venom)
rCold   x . .      Faith    .   (no shield)
rNeg    . . .      Spirit   .   a - +0 robe
rPois   ∞          Reflect  .   (no helmet)
rElec   .          Harm     .   (no cloak)
rCorr   .          Rampage  .   (no gloves)
Will    .....                   (boots unavailable)
Stlth   ++........              (no amulet)
HPRegen 0.15/turn               c - +6 ring of strength
MPRegen 0.00/turn               (no ring)

@: flying
A: sickness immunity, fire resistance 2, cold vulnerability 1, float, innate
caster, HP casting, extra vitality 1
a: no special abilities


You were on level 4 of the Dungeon.
You visited 1 branch of the dungeon, and saw 4 of its levels.

You collected 362 gold pieces.

Inventory:

Hand Weapons
 o - a +0 spear of venom (weapon)
Armour
 a - a +0 robe (worn)
Jewellery
 c - a +6 ring of strength (left hand)
 l - a ring of fire
Wands
 p - a wand of acid (7)
Scrolls
 b - 2 scrolls of blinking {unknown}
 d - a scroll of silence {unknown}
 e - 5 scrolls of identify {unknown}
 h - 2 scrolls of teleportation {unknown}
 j - a scroll of immolation
 m - 2 scrolls of holy word {unknown}
 n - a scroll of vulnerability {unknown}
Potions
 f - a potion of flight {unknown}
 g - a potion of brilliance {unknown}
 k - 2 potions of degeneration {unknown}


   Skills:
 + Level 2.6 Fighting
 - Level 3.1 Dodging
 - Level 2.4 Stealth
 * Level 4.9 Spellcasting


You couldn't memorise any spells.
You knew the following spells:

 Your Spells              Type           Power      Damage    Failure   Level
a - Summon Small Mammal   Summ           88%        N/A       1%          1
b - Call Imp              Summ           22%        N/A       2%          2
c - Call Canine Familiar  Summ           22%        N/A       5%          3
d - Summon Guardian Gole  Hex/Summ       22%        N/A       5%          3
e - Summon Lightning Spi  Summ/Air       22%        N/A       19%         4
f - Slow                  Hex            88%        N/A       1%          1
g - Static Discharge      Conj/Air       22%        N/A       2%          2
Your spell library was empty.

Dungeon Overview and Level Annotations

Branches:
Dungeon (4/15)             Temple (0/1) D:4

Altars:
Dithmenos
Hepliaklqana
Kikubaaqudgha


Innate Abilities, Weirdness & Mutations

You are immune to sickness and miasma.
You are immune to poison.
Your flesh is very heat resistant. (rF++)
You are vulnerable to cold. (rC-)
You float through the air rather than walking.
You learn spells naturally, not from books.
Your magical power is your life essence.
You have superior vitality. (+4 MHP)


Message History

What are your orders? t - Shout!
Orders for allies: a - Attack new target. r - Retreat! s - Stop attacking. g - Guard the area. f - Follow me.
Anything else - Cancel.
Gang up on whom?
Press: ? - help, Dir - move target, f - orc priest
Aim: an orc priest, wielding a +0 club and wearing a +0 ring mail Attack!
The scorpion stings your guardian golem but does no damage.
The orc priest hits your guardian golem with a +0 club.
Your hound barely misses the orc priest.
Your hound misses the orc priest.
The scorpion stings your guardian golem.
The orc priest casts a cantrip, but nothing happens.
Your hound bites the orc priest.
The scorpion stings your guardian golem but does no damage.
The orc priest hits your hound with a +0 club.
Your hound barely misses the orc priest.
Casting: Call Canine Familiar (dangerous; 5% risk of failure)
Confirm with . or Enter, or press ? or * to list all spells.
A beastly little devil appears in a puff of flame.
The scorpion stings your guardian golem.
Your magical contamination has completely faded away.
You hit the orc priest but do no damage.
The orc priest is lightly wounded.
Your hound bites the orc priest.
The scorpion stings your guardian golem but does no damage.
The orc priest hits you with a +0 club.
* * * LOW HITPOINT WARNING * * *
Your hound barely misses the orc priest.
The scorpion stings your guardian golem but does no damage.
You closely miss the orc priest.
The orc priest is moderately wounded.
Your hound bites the orc priest.
The scorpion stings your guardian golem but does no damage.
The orc priest calls down the wrath of Beogh upon you.
Beogh smites you!
You die...

#..# #####...###
#.[........
#.........#
#.........#
#.........##
#.....?!...
#..@.....#
#..oh..>.#
##.59.....######
##...)s.)........
#..........###
############


You could see a scorpion (ally target), an orc priest (ally target), a friendly
guardian golem (summoned), a friendly hound (summoned, sheltered) and a friendly
crimson imp (summoned, sheltered).

Vanquished Creatures
  A hound (D:3)
  An ufetubus (D:3)
  2 orcs (D:3)
  2 goblins
  A quokka (D:4)
  A rat (D:3)
8 creatures vanquished.

Vanquished Creatures (collateral kills)
  A nameless horror (D:2)
  A scorpion (D:3)
  4 adders
  A worm (D:2)
  2 dart slugs (D:3)
  5 ball pythons
  6 bats
  9 endoplasms
  4 giant cockroaches
  9 goblins
  6 hobgoblins
  4 jackals (D:2)
  8 kobolds
  2 quokkas
  6 frilled lizards
  A jackal skeleton (D:3)
  6 rats
75 creatures vanquished.

Vanquished Creatures (others)
  An orc warrior (D:4)
  4 toadstools (D:3)
5 creatures vanquished.

Grand Total: 88 creatures vanquished

Notes
Turn   | Place    | Note
-------+----------+-------------------------------------------
     0 | D:1      | freelancePsychic the Djinni Summoner began the quest for
                  | the Orb.
     0 | D:1      | Reached XP level 1. HP: 15/15 MP: 0/0
   298 | D:1      | Reached XP level 2. HP: 19/21 MP: 0/0
  1171 | D:1      | Reached XP level 3. HP: 22/25 MP: 0/0
  1171 | D:1      | Learned a level 1 spell: Slow
  2219 | D:2      | Reached XP level 4. HP: 20/31 MP: 0/0
  3341 | D:2      | Found a faded altar of an unknown god.
  3778 | D:2      | Noticed a nameless horror
  3824 | D:2      | Killed a nameless horror
  4197 | D:3      | Reached skill level 1 in Fighting
  4197 | D:3      | Reached skill level 4 in Spellcasting
  4197 | D:3      | Reached XP level 5. HP: 28/37 MP: 0/0
  4197 | D:3      | Learned a level 2 spell: Static Discharge
  4277 | D:3      | Found a hazy altar of Hepliaklqana.
  4543 | D:3      | Found a shadowy altar of Dithmenos.
  4890 | D:3      | Reached XP level 6. HP: 42/43 MP: 0/0
  5253 | D:4      | Noticed an orc warrior
  5267 | D:4      | Killed an orc warrior
  5287 | D:4      | Found a staircase to the Ecumenical Temple.
  5306 | D:4      | Killed from afar by an orc priest

Illustrated notes

Levels and vault maps discovered:
D:1:      shiori_arrival_oz, layout_loops_ring
D:2:      layout_loops_ring, hellmonk_ecumenical_altar_blasted,
          minmay_pentomino_pile
D:3:      layout_loops_cross, nicolae_hepliaklqana_hippocampus,
          mainiacjoe_overflow_alcove_4, minmay_gold_behind_fungi,
          minmay_divided_ellipse
D:4:      layout_rooms, lemuel_tele_altar, minmay_temple_entry_proselytizer

Skill      XL: |  1  2  3  4  5 |
---------------+----------------+-----
Stealth        | 2 |  2.4
Dodging        | 3 |  3.1
Fighting       | 1 2 |  2.6
Spellcasting   | 4 |  4.9

Action                   |  1- 3 |  4- 6 || total
-------------------------+-------+-------++-------
Melee: Unarmed           |     8 |    10 ||    18
       Spear             |       |    31 ||    31
 Cast: Summon Small Mamm |    43 |     8 ||    51
       Call Imp          |    22 |    18 ||    40
       Call Canine Famil |     3 |    23 ||    26
       Summon Guardian G |       |     8 ||     8
  Use: Potion            |       |     3 ||     3
 Stab: Sleeping          |       |     1 ||     1
Armor: Robe              |    14 |    12 ||    26
Dodge: Dodged            |    37 |    55 ||    92
